 Dungeon Crawl Stone Soup version 0.24-a0-584-g9d6b971ae4 (webtiles) character file.

Game seed: 4182368977011508145, levelgen mode: deterministic

13274 dxctxrx the Slinger (level 12, -6/139 HPs)
             Began as a Gnoll Hunter on Sept 4, 2019.
             Was a High Priest of Okawaru.
             Mangled by a minotaur
             ... wielding the +12 scimitar of Ijuo {freeze, rN+ Str+3}
              (11 damage)
             ... in a Gauntlet.
             The game lasted 01:13:49 (11871 turns).

dxctxrx the Slinger (Gnoll Hunter)                 Turns: 11871, Time: 01:13:50

Health: -6/139     AC: 26    Str: 16    XL:     12   Next: 4%
Magic:  26/31      EV:  2    Int: 22    God:    Okawaru [*****.]
Gold:   508        SH:  0    Dex: 16    Spells: 14/24 levels left

rFire    + . .     SeeInvis .   a - +8 trident (vamp)
rCold    + . .     Gourm    .   (no shield)
rNeg     + + +     Faith    .   (armour currently unavailable)
rPois    +         Spirit   .   (helmet currently unavailable)
rElec    +         Reflect  .   (cloak currently unavailable)
rCorr    +         Harm     .   (gloves currently unavailable)
MR       .....     NoTele   +   (boots currently unavailable)
Stlth    ++++......             F - amulet of regeneration
HPRegen  0.73/turn              W - ring of magical power
MPRegen  0.22/turn              l - +3 ring of evasion

@: brilliant, tree-form, resistant, hasted, very quick
A: distributed training, strong nose
a: Heroism, Finesse, Renounce Religion


You were in a Gauntlet.
You worshipped Okawaru.
Okawaru was extremely pleased with you.
You were not hungry.
You were a tree.
You visited 2 branches of the dungeon, and saw 12 of its levels.
You also visited: Gauntlet.

You collected 508 gold pieces.

Inventory:

Hand Weapons
 a - a +8 vampiric trident (weapon)
 b - a +1 hunting sling of flaming
 o - the +8 whip "Snakebite" {curare, rPois, =f}
   (You found it on level 7 of the Dungeon)

   It poisons the flesh of those it strikes.
   It protects you from poison.
 x - the +5 glaive "Pung" {freeze, rElec rC+ Str+4, unknown}
   (Okawaru gifted it to you on level 11 of the Dungeon)

   It has been specially enchanted to freeze those struck by it, causing extra
   injury to most foes and up to half again as much damage against particularly
   susceptible opponents.
   It can also slow down cold-blooded creatures.
   It affects your strength (+4).
   It protects you from cold.
   It insulates you from electricity.
 y - a +1 dagger of venom
 O - the +9 flail "Neseyh" {flame, rElec rN+, unknown}
   (You found it in a Gauntlet)

   It has been specially enchanted to burn those struck by it, causing extra
   injury to most foes and up to half again as much damage against particularly
   susceptible opponents.
   It insulates you from electricity.
   It protects you from negative energy.
Missiles
 d - 103 sling bullets
 u - 222 stones (quivered)
 v - 29 poisoned darts
 B - 153 arrows
 G - 11 silver javelins
Armour
 n - a +1 helmet of intelligence (melded)
 r - a +0 pair of gloves
 C - the +0 pair of gloves of Daxib (melded) {rElec rC+ Str-3}
   (You found it in a Gauntlet)

   It affects your strength (-3).
   It protects you from cold.
   It insulates you from electricity.
 J - a +0 cloak (melded)
 L - a +4 ring mail (melded)
Jewellery
 l - a +3 ring of evasion (right branch)
 F - an amulet of regeneration (around neck)
 W - a ring of magical power (left branch)
 X - an uncursed ring of flight
 Z - an uncursed ring of ice
Wands
 c - a wand of enslavement (2)
 m - a wand of polymorph (14)
 Q - a wand of flame (5)
Scrolls
 g - a scroll of summoning {unknown}
 h - a scroll of noise {unknown}
 q - 4 scrolls of teleportation
 A - a scroll of magic mapping
 D - 4 scrolls of enchant armour
 I - 2 scrolls of remove curse
 P - 2 scrolls of brand weapon {unknown}
 S - a scroll of immolation {unknown}
 U - a scroll of enchant weapon {unknown}
 Y - a scroll of vulnerability {unknown}
Potions
 e - a potion of haste
 p - 2 potions of flight
 t - 2 potions of ambrosia {unknown}
 w - a potion of resistance
 z - 2 potions of lignification {!q}
 H - 2 potions of magic
 K - a potion of mutation {unknown}
 M - a potion of brilliance
 T - a potion of might {unknown}
Comestibles
 f - 16 rations


   Skills:
 + Level 8.2 Fighting
 + Level 6.7 Short Blades
 + Level 6.7 Long Blades
 + Level 6.7 Axes
 + Level 6.7 Maces & Flails
 + Level 6.7 Polearms
 + Level 6.7 Staves
 + Level 10.8 Slings
 + Level 6.7 Bows
 + Level 6.7 Crossbows
 + Level 6.7 Throwing
 + Level 6.7 Armour
 + Level 8.2 Dodging
 + Level 7.2 Stealth
 + Level 6.7 Shields
 + Level 6.7 Unarmed Combat
 + Level 6.7 Spellcasting
 + Level 5.6 Conjurations
 + Level 5.6 Hexes
 + Level 5.6 Charms
 + Level 5.6 Summonings
 + Level 5.6 Necromancy
 + Level 5.6 Translocations
 + Level 5.6 Transmutations
 + Level 5.6 Fire Magic
 + Level 5.6 Ice Magic
 + Level 5.6 Air Magic
 + Level 5.6 Earth Magic
 + Level 5.6 Poison Magic
 + Level 7.4 Invocations
 + Level 6.7 Evocations


You had 14 spell levels left.
You knew the following spells:

 Your Spells              Type           Power        Failure   Level  Hunger
b - Poisonous Vapours     Pois/Air       #####.       1%          2    None
c - Mephitic Cloud        Conj/Pois/Air  #####...     1%          3    #......
d - Tukima's Dance        Hex            #####...     1%          3    #......
e - Sticks to Snakes      Tmut           #####...     1%          2    None

Your spell library contained the following spells:

 Spells                   Type           Power        Failure   Level  Hunger
 Apportation              Tloc           #####.       1%          1    None
 Beastly Appendage        Tmut           #####.       1%          1    None
 Magic Dart               Conj           ####         1%          1    None
 Summon Butterflies       Summ           #####...     1%          1    None
 Searing Ray              Conj           #####.       1%          2    None
 Conjure Flame            Conj/Fire      #####...     1%          3    #......
 Dazzling Spray           Conj/Hex       #####.       1%          3    #......
 Lesser Beckoning         Tloc           #####.....   1%          3    #......
 Spider Form              Tmut/Pois      #####.....   1%          3    #......
 Force Lance              Conj/Tloc      #####...     1%          4    ###....
 Fulminant Prism          Conj/Hex       #####.....   1%          4    ###....
 Ice Form                 Ice/Tmut       #####...     1%          4    ###....
 Iskenderun's Mystic Bla  Conj           #####...     1%          4    ###....
 Alistair's Intoxication  Tmut/Pois      #####...     3%          5    #####..
 Blade Hands              Tmut           #####.....   3%          5    #####..
 Freezing Cloud           Conj/Ice/Air   #####.....   14%         6    ######.
 Invisibility             Hex            #####...     14%         6    ######.
 Ring of Flames           Chrm/Fire      #####.....   52%         7    #######


Dungeon Overview and Level Annotations

Branches:
Dungeon (11/15)            Temple (1/1) D:4             Orc (0/2) D:9
Gauntlet (1/1)
   Lair: D:8-11

Altars:
Ashenzari
Cheibriados
Dithmenos
Elyvilon
Fedhas
Gozag
Hepliaklqana
Kikubaaqudgha
Makhleb
Nemelex Xobeh
Okawaru
Qazlal
Ru
Sif Muna
Trog
Uskayaw
Vehumet
Wu Jian
Xom
Yredelemnul
Zin
The Shining One

Annotations:
D:4 3 runed translucent doors, Thargor's ghost, amateur DEFE; ijan1's ghost, novice DsVM Gauntlet 6 transporters


Innate Abilities, Weirdness & Mutations

Your experience applies equally to all skills.
((You have very sharp teeth.))
Your uncanny sense of smell can sniff out nearby items.


Message History

The minotaur gores you but does no damage.
It was a potion of resistance.
You feel protected.
Okay, then.
Evoke which item? (* to show all) (? for menu, Esc to quit)
Aiming: Polymorph
Press: ? - help, Shift-Dir - straight line, f/p - minotaur
Aim: a minotaur, wielding the +12 scimitar of Ijuo {freeze, rN+ Str+3}, wearing a cursed +0 chain mail and wearing a +2 shield of cold resistance (heavily wounded, poisoned, chance to defeat MR: 7%)
Okay, then.
Evoke which item? (* to show all) (? for menu, Esc to quit)
Okay, then.
Okay, then.
It was a potion of brilliance.
You feel clever all of a sudden.
The minotaur hits you with the +12 scimitar of Ijuo {freeze, rN+ Str+3}!!
* * * LOW HITPOINT WARNING * * *
The minotaur freezes you.
* * * LOW HITPOINT WARNING * * *
The minotaur gores you!
You die...

##.##..#..#.8.#
.#.#.#=#..#...#
#^.^##.#..#.8.#
......#..#...# ##########
#######..#...# #§§§..(H.#
........≈#.©.####H######.#
.........∩#......#§#∆ #.#
.........≈#.©.##.#§####.#.#
########..#...##♣#§§§S(.#.#
.......#..#...##H########.#
.##.##.#..#.8.##.((((..H.S#
.#..#..#..#...#############
##.##..#..#.8.#
#.©#..©#..#...#
#.##.#.#..#≈8≈#
.......#..##### .##.##.#..#


You could see a minotaur.

Vanquished Creatures
  Fannar (D:11)
  A hell beast (Gauntlet)
  2 two-headed ogres
  A death knight (D:7)
  Nergalle (D:11)
  Pikel (D:6)
  Psyche (D:9)
  Joseph (D:7)
  A torpor snail (Gauntlet)
  A centaur skeleton (D:10)
  A hornet (D:9)
  Prince Ribbit (D:7)
  3 hippogriffs
  2 shadows (Gauntlet)
  Sigmund (D:3)
  3 yaks (D:8)
  A water moccasin (D:8)
  2 phantoms
  A hornet zombie (D:7)
  An orc warrior (D:8)
  4 sky beasts
  2 black bears
  6 ogres
  4 centaurs
  6 wolves (Gauntlet)
  A crocodile (D:11)
  A big kobold (D:8)
  5 bullfrogs
  A wyvern skeleton (D:7)
  A wyvern zombie (D:7)
  4 scorpions
  14 killer bees
  3 howler monkeys
  2 centaur zombies
  4 crimson imps
  A bullfrog zombie (D:6)
  A quasit (D:9)
  2 hounds
  5 orc wizards
  Crazy Yiuf (D:4)
  A gnoll shaman (D:10)
  9 orc priests
  3 jellies
  A bullfrog skeleton (D:5)
  4 iguanas
  Ijyb (D:3)
  Natasha (twice) (D:3)
  Terence (D:3)
  9 worker ants
  A hound skeleton (D:7)
  A howler monkey zombie (D:9)
  A worker ant zombie (D:10)
  Robin (D:3)
  17 adders
  11 gnolls
  3 shadow imps
  2 oozes
  3 adder zombies
  A worm (D:2)
  A dart slug (D:4)
  9 leopard geckos
  35 orcs
  A ball python (D:2)
  13 bats
  4 giant cockroaches
  17 goblins
  11 hobgoblins
  19 jackals
  7 kobolds
  4 quokkas
  11 frilled lizards
  A quokka skeleton (D:6)
  A quokka zombie (D:9)
  11 rats
312 creatures vanquished.

Vanquished Creatures (collateral kills)
  A shadow (Gauntlet)
  A killer bee (D:11)
  An iguana (D:11)
3 creatures vanquished.

Vanquished Creatures (others)
  A hippogriff (D:8)
  A dancing weapon (D:10)
  A gnoll (D:9)
  4 fungi (Gauntlet)
  15 plants
22 creatures vanquished.

Grand Total: 337 creatures vanquished

Notes
Turn   | Place    | Note
-------+----------+-------------------------------------------
     0 | D:1      | dxctxrx the Gnoll Hunter began the quest for the Orb.
     0 | D:1      | Reached XP level 1. HP: 20/20 MP: 1/1
   273 | D:1      | Reached XP level 2. HP: 26/26 MP: 2/2
   397 | D:1      | Reached XP level 3. HP: 27/31 MP: 3/3
  1179 | D:2      | Reached skill level 1 in Short Blades
  1179 | D:2      | Reached skill level 1 in Long Blades
  1179 | D:2      | Reached skill level 1 in Axes
  1179 | D:2      | Reached skill level 1 in Maces & Flails
  1179 | D:2      | Reached skill level 1 in Polearms
  1179 | D:2      | Reached skill level 1 in Staves
  1179 | D:2      | Reached skill level 1 in Bows
  1179 | D:2      | Reached skill level 1 in Crossbows
  1179 | D:2      | Reached skill level 1 in Throwing
  1179 | D:2      | Reached skill level 1 in Armour
  1179 | D:2      | Reached skill level 1 in Shields
  1179 | D:2      | Reached skill level 1 in Unarmed Combat
  1179 | D:2      | Reached skill level 1 in Spellcasting
  1179 | D:2      | Reached skill level 1 in Invocations
  1179 | D:2      | Reached skill level 1 in Evocations
  1460 | D:2      | Reached XP level 4. HP: 38/38 MP: 5/5
  1742 | D:2      | Reached skill level 1 in Conjurations
  1742 | D:2      | Reached skill level 1 in Hexes
  1742 | D:2      | Reached skill level 1 in Charms
  1742 | D:2      | Reached skill level 1 in Summonings
  1742 | D:2      | Reached skill level 1 in Necromancy
  1742 | D:2      | Reached skill level 1 in Translocations
  1742 | D:2      | Reached skill level 1 in Transmutations
  1742 | D:2      | Reached skill level 1 in Fire Magic
  1742 | D:2      | Reached skill level 1 in Ice Magic
  1742 | D:2      | Reached skill level 1 in Air Magic
  1742 | D:2      | Reached skill level 1 in Earth Magic
  1742 | D:2      | Reached skill level 1 in Poison Magic
  1883 | D:2      | Reached XP level 5. HP: 43/43 MP: 6/6
  2373 | D:3      | Noticed Terence
  2426 | D:3      | Killed Terence
  2722 | D:3      | Reached XP level 6. HP: 38/50 MP: 8/8
  2826 | D:3      | Noticed Ijyb
  2831 | D:3      | Killed Ijyb
  2870 | D:3      | Noticed Natasha
  2871 | D:3      | Killed Natasha
  2890 | D:3      | Reached skill level 5 in Fighting
  2890 | D:3      | Reached skill level 5 in Dodging
  2921 | D:3      | Noticed Robin
  2926 | D:3      | Killed Robin
  3040 | D:3      | Noticed Sigmund
  3175 | D:3      | Noticed Natasha
  3180 | D:3      | Killed Natasha
  3218 | D:3      | Killed Sigmund
  3218 | D:3      | Reached XP level 7. HP: 37/56 MP: 10/10
  3454 | D:4      | Found a shimmering blue altar of Sif Muna.
  3532 | D:4      | Found a runed translucent door.
  3533 | D:4      | Noticed Crazy Yiuf
  3543 | D:4      | Killed Crazy Yiuf
  4018 | D:4      | Found a staircase to the Ecumenical Temple.
  4034 | Temple   | Entered the Ecumenical Temple
  4141 | Temple   | Became a worshipper of Warmaster Okawaru
  4224 | D:4      | Found a blossoming altar of Fedhas.
  4288 | D:4      | Found a runed translucent gate.
  4289 | D:4      | Found a runed translucent gate.
  4289 | D:4      | Found a runed translucent gate.
  4290 | D:4      | Noticed Thargor's ghost (amateur DEFE)
  4291 | D:4      | Noticed ijan1's ghost (novice DsVM)
  4344 | D:5      | Entered Level 5 of the Dungeon
  4359 | D:5      | Reached skill level 9 in Slings
  4797 | D:5      | Reached XP level 8. HP: 63/63 MP: 12/12
  5806 | D:6      | Reached * piety under Okawaru
  6386 | D:7      | Noticed a hippogriff
  6403 | D:6      | Killed a hippogriff
  6403 | D:6      | Reached XP level 9. HP: 55/69 MP: 14/14
  6496 | D:7      | Noticed Prince Ribbit
  6518 | D:7      | Killed Prince Ribbit
  6518 | D:7      | Reached ** piety under Okawaru
  6641 | D:7      | Noticed Joseph
  6653 | D:7      | Killed Joseph
  6747 | D:7      | Noticed a death knight
  6748 | D:7      | Found the +8 whip "Snakebite" {curare, rPois}
  6762 | D:7      | Killed a death knight
  6762 | D:7      | Reached *** piety under Okawaru
  6762 | D:7      | Reached skill level 5 in Stealth
  6762 | D:7      | Reached skill level 5 in Invocations
  6951 | D:7      | Reached XP level 10. HP: 77/77 MP: 17/17
  7073 | D:7      | Noticed Pikel
  7084 | D:6      | Killed Pikel
  7084 | D:6      | Reached **** piety under Okawaru
  7349 | D:7      | Reached skill level 5 in Short Blades
  7349 | D:7      | Reached skill level 5 in Long Blades
  7349 | D:7      | Reached skill level 5 in Axes
  7349 | D:7      | Reached skill level 5 in Maces & Flails
  7349 | D:7      | Reached skill level 5 in Polearms
  7349 | D:7      | Reached skill level 5 in Staves
  7349 | D:7      | Reached skill level 5 in Bows
  7349 | D:7      | Reached skill level 5 in Crossbows
  7349 | D:7      | Reached skill level 5 in Throwing
  7349 | D:7      | Reached skill level 5 in Armour
  7349 | D:7      | Reached skill level 5 in Shields
  7349 | D:7      | Reached skill level 5 in Unarmed Combat
  7349 | D:7      | Reached skill level 5 in Spellcasting
  7349 | D:7      | Reached skill level 5 in Evocations
  7616 | D:8      | Reached skill level 10 in Slings
  7653 | D:8      | Learned a level 2 spell: Poisonous Vapours
  7657 | D:8      | Learned a level 3 spell: Mephitic Cloud
  8460 | D:8      | Learned a level 2 spell: Sticks to Snakes
  8635 | D:8      | Reached ***** piety under Okawaru
  9003 | D:9      | Received a gift from Okawaru
  9277 | D:9      | Found a staircase to the Orcish Mines.
  9288 | D:9      | Noticed a two-headed ogre
  9293 | D:9      | Killed a two-headed ogre
  9293 | D:9      | Reached XP level 11. HP: 84/84 MP: 19/19
  9501 | D:9      | Noticed Psyche
  9504 | D:9      | Killed Psyche
  9504 | D:9      | Received a gift from Okawaru
  9948 | D:10     | Entered Level 10 of the Dungeon
 10131 | D:10     | Reached skill level 5 in Conjurations
 10131 | D:10     | Reached skill level 5 in Hexes
 10131 | D:10     | Reached skill level 5 in Charms
 10131 | D:10     | Reached skill level 5 in Summonings
 10131 | D:10     | Reached skill level 5 in Necromancy
 10131 | D:10     | Reached skill level 5 in Translocations
 10131 | D:10     | Reached skill level 5 in Transmutations
 10131 | D:10     | Reached skill level 5 in Fire Magic
 10131 | D:10     | Reached skill level 5 in Ice Magic
 10131 | D:10     | Reached skill level 5 in Air Magic
 10131 | D:10     | Reached skill level 5 in Earth Magic
 10131 | D:10     | Reached skill level 5 in Poison Magic
 10307 | D:10     | Received a gift from Okawaru
 10510 | D:10     | Learned a level 3 spell: Tukima's Dance
 10928 | D:11     | Noticed a cyclops
 11014 | D:11     | Noticed Fannar
 11022 | D:11     | Killed Fannar
 11113 | D:11     | Noticed Nergalle
 11127 | D:11     | Killed Nergalle
 11127 | D:11     | Received a gift from Okawaru
 11133 | D:11     | Got an iridescent glaive {god gift}
 11174 | D:11     | Noticed a two-headed ogre
 11194 | D:11     | Killed a two-headed ogre
 11240 | D:11     | Found a gate leading to a gauntlet.
 11255 | Gauntlet | Entered a Gauntlet
 11255 | Gauntlet | Found a transporter.
 11255 | Gauntlet | Found a transporter.
 11255 | Gauntlet | Found a transporter.
 11256 | Gauntlet | Found a transporter.
 11259 | Gauntlet | Found a transporter.
 11259 | Gauntlet | Found a transporter.
 11304 | Gauntlet | Found a transporter.
 11305 | Gauntlet | Found a transporter.
 11307 | Gauntlet | Noticed a death ooze
 11315 | Gauntlet | Found a transporter.
 11315 | Gauntlet | Noticed a purple ugly thing
 11316 | Gauntlet | Noticed a great orb of eyes
 11336 | Gauntlet | Found a transporter.
 11336 | Gauntlet | Noticed a hell beast
 11353 | Gauntlet | Found a transporter.
 11357 | Gauntlet | Found a transporter.
 11642 | Gauntlet | Got a brightly glowing flail
 11692 | Gauntlet | Killed a hell beast
 11692 | Gauntlet | Reached XP level 12. HP: 93/93 MP: 22/22
 11699 | Gauntlet | Got a pair of dazzling gloves
 11717 | Gauntlet | Identified the +0 pair of gloves of Daxib {rElec rC+ Str-3}
                  | (You found it in a Gauntlet)
 11776 | Gauntlet | Identified the +12 scimitar of Ijuo {freeze, rN+ Str+3}
 11776 | Gauntlet | Noticed a minotaur
 11817 | Gauntlet | HP: 7/93 [minotaur/javelin (37)]
 11871 | Gauntlet | HP: 9/139 [minotaur/the +12 scimitar of Ijuo {freeze, rN+
                  | Str+3} (19)]
 11871 | Gauntlet | Mangled by a minotaur

Levels and vault maps discovered:
D:1:      dpeg_cavernosity, layout_basic
D:2:      layout_basic, serial_rivers, chequers_serial_rivers_micro_e,
          chequers_serial_rivers_small_b, chequers_serial_rivers_small_3,
          chequers_serial_rivers_micro_c, chequers_serial_rivers_small_a,
          chequers_serial_rivers_room_a
D:3:      layout_loops_ring, serial_bayou_pond_c, uniq_sigmund, uniq_robin,
          uniq_natasha, uniq_ijyb, uniq_terence
D:4:      layout_gridville, lemuel_round_altar, minmay_temple_entry_tees,
          gammafunk_ghost_cemetery, first_ration,
          hangedman_abyss_or_decor_slice, fedhas_altar_4,
          uniq_crazy_yiuf_cottage
D:5:      layout_loops_ring
D:6:      layout_basic, minmay_lizard_king
D:7:      layout_basic, uniq_joseph, uniq_prince_ribbit1, uniq_pikel
D:8:      layout_cave_pools, blue_anna_alchemist [blue_anna_fruit_fields,
          blue_anna_fruit_fields], lemuel_flamethrower_2
D:9:      layout_irregular_city, orc_0_dummy, serial_column_ruins,
          column_ruins_hut_ruined, column_ruins_corridor_plus,
          column_ruins_open_small, column_ruins_corridor_straight,
          column_ruins_grid_4, uniq_psyche
D:10:     layout_basic
D:11:     layout_roguey, dpeg_oklobed_lair, gauntlet_entry_generic,
          uniq_nergalle, uniq_fannar
Temple:   kilobyte_greek_temple
Gauntlet: gammafunk_gauntlet_hard_choice [gammafunk_gauntlet_arena_crates,
          gammafunk_gauntlet_arena_hedges, nicolae_gauntlet_arena_flowing_pool,
          gammafunk_gauntlet_arena_chambers, nicolae_gauntlet_arena_grate_2,
          gammafunk_gauntlet_arena_corners, gauntlet_exit_spiral]

Skill      XL: |  1  2  3  4  5  6  7  8  9 10 11 |
---------------+----------------------------------+-----
Short Blades   | 1 2 3 4 5 6 |  6.7
Long Blades    | 1 2 3 4 5 6 |  6.7
Axes           | 1 2 3 4 5 6 |  6.7
Maces & Flails | 1 2 3 4 5 6 |  6.7
Polearms       | 1 2 3 4 5 6 |  6.7
Staves         | 1 2 3 4 5 6 |  6.7
Bows           | 1 2 3 4 5 6 |  6.7
Crossbows      | 1 2 3 4 5 6 |  6.7
Throwing       | 1 2 3 4 5 6 |  6.7
Armour         | 1 2 3 4 5 6 |  6.7
Shields        | 1 2 3 4 5 6 |  6.7
Unarmed Combat | 1 2 3 4 5 6 |  6.7
Spellcasting   | 1 2 3 4 5 6 |  6.7
Invocations    | 1 2 3 4 5 6 7 |  7.4
Evocations     | 1 2 3 4 5 6 |  6.7
Conjurations   | 1 2 3 4 5 |  5.6
Hexes          | 1 2 3 4 5 |  5.6
Charms         | 1 2 3 4 5 |  5.6
Summonings     | 1 2 3 4 5 |  5.6
Necromancy     | 1 2 3 4 5 |  5.6
Translocations | 1 2 3 4 5 |  5.6
Transmutations | 1 2 3 4 5 |  5.6
Fire Magic     | 1 2 3 4 5 |  5.6
Ice Magic      | 1 2 3 4 5 |  5.6
Air Magic      | 1 2 3 4 5 |  5.6
Earth Magic    | 1 2 3 4 5 |  5.6
Poison Magic   | 1 2 3 4 5 |  5.6
Stealth        | 3 4 5 6 7 |  7.2
Fighting       | 5 6 7 8 |  8.2
Dodging        | 5 6 7 8 |  8.2
Slings         | 9 10 | 10.8

Action                   |  1- 3 |  4- 6 |  7- 9 | 10-12 || total
-------------------------+-------+-------+-------+-------++-------
Melee: Short sword       |    23 |       |       |       ||    23
       Bite              |     5 |     4 |    11 |    29 ||    49
       Dagger            |    30 |    23 |       |       ||    53
       Trident           |       |    58 |   132 |   182 ||   372
       Punch             |       |       |     1 |     6 ||     7
       Whip              |       |       |     3 |    82 ||    85
 Fire: Hunting sling     |    18 |    85 |   268 |   250 ||   621
Throw: Stone             |     2 |     3 |       |     1 ||     6
       Dart              |       |     7 |    12 |    28 ||    47
       Throwing net      |       |       |       |     2 ||     2
 Cast: Poisonous Vapours |       |       |       |    31 ||    31
       Sticks to Snakes  |       |       |       |    19 ||    19
       Mephitic Cloud    |       |       |       |     2 ||     2
       Tukima's Dance    |       |       |       |     6 ||     6
 Abil: Evoke Flight      |       |       |       |     1 ||     1
Evoke: Wand              |       |     7 |     9 |    42 ||    58
  Use: Scroll            |       |       |     6 |    10 ||    16
       Potion            |       |       |       |    18 ||    18
 Stab: Sleeping          |       |     4 |     8 |     2 ||    14
  Eat: Chunk             |     1 |     6 |     6 |     4 ||    17
       Ration            |       |       |     2 |     3 ||     5
Armor: Leather armour    |     7 |     6 |       |       ||    13
       Ring mail         |       |     9 |    68 |   111 ||   188
       Skin              |       |       |       |     2 ||     2
Dodge: Dodged            |    36 |    33 |   149 |   233 ||   451

Table legend:
 A = Non-vault XP
 B = Vault XP
 C = Vault XP percentage of total XP
 D = Non-vault monster count
 E = Vault monster count
 F = Vault count percentage of total count
                 A         B        C        D         E       F
            +---------+---------+-------+---------+---------+-------
      Total |   12250 |    6713 |  35.4 |     267 |      48 |  15.2
            +---------+---------+-------+---------+---------+-------
        D:1 |      40 |       6 |  13.0 |      17 |       4 |  19.0
        D:2 |     125 |       0 |   0.0 |      29 |       0 |   0.0
        D:3 |     214 |     366 |  63.1 |      33 |      15 |  31.2
        D:4 |     200 |      42 |  17.4 |      20 |       1 |   4.8
        D:5 |     262 |       0 |   0.0 |      15 |       0 |   0.0
        D:6 |    1062 |     703 |  39.8 |      29 |      11 |  27.5
        D:7 |    1970 |     689 |  25.9 |      21 |       2 |   8.7
        D:8 |    2297 |      97 |   4.1 |      40 |       1 |   2.4
        D:9 |    2561 |     439 |  14.6 |      26 |       1 |   3.7
       D:10 |    1819 |       0 |   0.0 |      24 |       0 |   0.0
       D:11 |    1700 |    1720 |  50.3 |      13 |       2 |  13.3
   Gauntlet |       0 |    2651 | 100.0 |       0 |      11 | 100.0
            +---------+---------+-------+---------+---------+-------
